Map: Deathaura LE

Players

Reynor

  • Race: Zerg Zerg
  • Spawn Location: 5:00

INnoVation - Winner!

  • Race: Terran Terran
  • Spawn Location: 11:00

VOD

Have the link to the VOD?

Description

Time

  • Played on: Jan. 14, 2021, 12:26 p.m.
  • Length: 21:46
Show
View Real Time Build Order
Export as new Build Order

Reynor Zerg 

Build Orders: Hatch First, Muta Ling Bane 

Get SALT Encoding   

  12  0:00  Drone  
  13  0:12  Overlord  
  13  0:16  Drone  
  14  0:30  Drone x2  
  16  0:47  Hatchery  
  15  0:50  Drone  
  15  0:54  Drone  
  17  0:58  Drone  
  18  1:09  Extractor  
  17  1:15  Spawning Pool  
  17  1:18  Drone  
  17  1:21  Drone  
  18  1:27  Drone  
  19  1:38  Drone  
  20  1:48  Overlord  
  20  2:01  Queen x2  
  20  2:02  Zergling x4  
  26  2:10  Drone x2  
  28  2:22  Drone x2  
  30  2:32  Hatchery  
  30  2:34  Drone  
  30  2:38  Metabolic Boost  
  30  2:44  Queen  
  30  2:49  Overlord  
  32  2:52  Drone  
  32  2:54  Drone  
  32  2:56  Drone  
  32  2:57  Drone  
  36  3:08  Drone x2  
  38  3:13  Drone x2  
  38  3:14  Overlord  
  40  3:20  Queen, Drone  
  40  3:21  Drone  
  44  3:32  Overlord  
  44  3:34  Drone  
  45  3:35  Drone  
  46  3:42  Drone  
  46  3:43  Drone x2  
  46  3:44  Queen  
  46  3:45  Drone  
  46  3:46  Drone  
  53  3:51  Queen  
  53  3:53  Drone x2  
  53  3:54  Drone x2  
  59  3:56  Drone  
  59  4:00  Drone  
  61  4:05  Zergling x2  
  61  4:06  Zergling x2  
  63  4:10  Overlord  
  63  4:12  Drone x2  
  63  4:13  Zergling x2  
  63  4:17  Overlord  
  66  4:21  Lair  
  66  4:22  Overlord  
  65  4:33  Baneling Nest  
  65  4:34  Overlord  
  65  4:36  Extractor, Drone x5  
  65  4:37  Queen  
  70  4:38  Overlord x2  
  70  4:45  Zergling x2  
  71  4:48  Zergling x4  
  71  4:51  Overlord  
  73  4:55  Zergling x6  
  76  5:02  Drone  
  76  5:03  Drone x3  
  76  5:06  Zergling x2  
  77  5:10  Spore Crawler  
  77  5:12  Spore Crawler, Drone  
  77  5:13  Drone x3  
  78  5:16  Queen, Drone  
  78  5:19  Spore Crawler  
  78  5:20  Baneling x4  
  80  5:21  Drone x3  
  80  5:24  Drone  
  80  5:25  Drone  
  80  5:26  Extractor  
  80  5:27  Hatchery  
  83  5:28  Baneling  
  83  5:29  Baneling  
  83  5:32  Drone  
  83  5:34  Overlord  
  83  5:35  Drone  
  85  5:43  Centrifical Hooks, Drone  
  85  5:44  Extractor, Drone x3  
  85  5:47  Extractor x2, Drone x5  
  91  5:56  Overlord  
  91  5:57  Drone x4  
  93  6:00  Zergling x2  
  93  6:03  Queen  
  93  6:09  Zergling x4  
  90  6:12  Evolution Chamber x2  
  90  6:14  Zergling x10  
  90  6:15  Zergling x4  
  94  6:20  Drone  
  94  6:22  Drone  
  94  6:23  Spire  
  94  6:25  Zergling x6  
  97  6:28  Zergling x2  
  97  6:30  Baneling x2  
  98  6:33  Overlord  
  98  6:35  Drone x2  
  98  6:44  Overlord, Drone  
  98  6:45  Drone x2  
  98  6:46  Drone x2  
  102  6:55  Overlord  
  102  6:56  Drone x3  
  102  6:57  Zergling x2, Queen  
  102  7:00  Zerg Ground Armor Level 1  
  102  7:01  Drone  
  92  7:03  Drone x3  
  92  7:06  Drone  
  92  7:07  Drone  
  95  7:12  Drone x4  
  99  7:17  Zerg Melee Weapons Level 1, Queen  
  99  7:20  Baneling x5  
  99  7:22  Drone x3  
  104  7:23  Drone  
  104  7:24  Drone x5  
  104  7:25  Drone  
  104  7:27  Drone  
  112  7:30  Overlord  
  112  7:35  Drone x2  
  114  7:38  Overlord  
  114  7:39  Extractor x2  
  112  7:45  Zergling x8  
  112  7:47  Pneumatized Carapace  
  112  7:48  Overlord, Drone x2  
  112  7:49  Drone x5  
  122  7:52  Zergling x2  
  123  7:59  Drone x3  
  123  8:02  Overseer  
  123  8:03  Mutalisk  
  122  8:08  Hatchery, Mutalisk x4  
  122  8:10  Drone  
  122  8:11  Drone  
  124  8:17  Mutalisk  
  125  8:20  Drone x4  
  125  8:22  Drone  
  125  8:23  Drone  
  125  8:25  Queen  
  133  8:28  Mutalisk  
  133  8:33  Drone x3  
  133  8:34  Drone x2  
  140  8:40  Mutalisk x2  
  140  8:41  Mutalisk  
  144  8:46  Drone x5  
  151  8:52  Baneling x8  
  151  8:57  Zergling x2  
  151  8:58  Zergling x12  
  158  9:02  Overlord, Spore Crawler  
  158  9:03  Mutalisk x2  
  158  9:05  Spore Crawler  
  158  9:06  Zergling x2, Spore Crawler  
  158  9:07  Zergling x10  
  165  9:12  Zerg Ground Armor Level 2  
  165  9:15  Drone x2  
  167  9:20  Overlord, Zerg Melee Weapons Level 2  
  167  9:21  Drone x3  
  170  9:24  Spine Crawler  
  170  9:25  Mutalisk  
  170  9:26  Queen  
  170  9:28  Zergling x8, Spore Crawler, Overseer  
  176  9:35  Mutalisk x2  
  180  9:39  Drone  
  180  9:40  Drone x4  
  180  9:42  Extractor  
  180  9:44  Overlord  
  184  9:46  Mutalisk x2  
  184  9:49  Zerg Flyer Weapons Level 1  
  184  9:52  Baneling x3  
  188  9:54  Baneling x2  
  188  9:55  Baneling  
  182  10:07  Baneling x10  
  177  10:08  Zergling x28  
  177  10:11  Baneling x4  
  173  10:22  Mutalisk x2  
  173  10:25  Zergling x22  
  173  10:28  Zergling x8  
  173  10:32  Zergling x4  
  173  10:35  Queen  
  172  10:37  Mutalisk x2  
  172  10:39  Baneling x4  
  172  10:40  Zergling x2, Baneling  
  179  10:45  Baneling x8  
  179  10:47  Zergling x6  
  179  10:48  Drone  
  183  10:51  Baneling x5  
  183  10:52  Baneling  
  183  10:53  Zergling x6  
  186  10:57  Baneling  
  186  10:58  Spine Crawler x3, Baneling x4  
  186  10:59  Zergling x4  
  186  11:01  Overseer  
  186  11:02  Hatchery  
  186  11:04  Drone x3  
  184  11:06  Baneling x5  
  184  11:07  Baneling x2  
  184  11:08  Zergling x6, Extractor  
  184  11:10  Overlord  
  187  11:25  Zergling x28  
  160  11:33  Mutalisk x3  
  160  11:38  Mutalisk x4  
  173  11:44  Zergling x16  
  181  11:47  Zergling x4  
  181  11:50  Baneling x14  
  183  11:55  Zergling x6  
  183  12:00  Baneling x11  
  186  12:06  Drone x6  
  186  12:07  Overlord, Zerg Flyer Weapons Level 2  
  192  12:09  Zergling x6  
  195  12:16  Spore Crawler  
  195  12:17  Extractor, Spine Crawler  
  195  12:18  Zergling x14  
  195  12:19  Spine Crawler  
  195  12:20  Overlord  
  196  12:24  Baneling x17  
  196  12:29  Infestation Pit  
  161  12:39  Zergling x36  
  161  12:41  Queen  
  161  12:42  Mutalisk x2  
  161  12:43  Mutalisk x2  
  185  12:46  Zergling x4  
  185  12:49  Zergling x2  
  185  12:50  Baneling x7  
  185  12:51  Baneling x3  
  182  12:52  Queen  
  182  12:55  Zergling x6  
  182  12:58  Mutalisk x2  
  183  13:00  Mutalisk  
  187  13:07  Extractor, Drone  
  187  13:08  Drone x2  
  187  13:09  Mutalisk x2  
  187  13:11  Zergling x4  
  187  13:12  Zergling x10  
  200  13:18  Baneling  
  190  13:28  Baneling  
  190  13:30  Baneling x17  
  190  13:31  Zergling x28  
  196  13:39  Zergling x18  
  189  13:42  Zergling x2  
  189  13:44  Zergling x4  
  185  13:51  Zergling x6  
  185  13:55  Zergling x4  
  178  13:57  Baneling x10  
  178  13:59  Zergling x4  
  162  14:03  Zergling x2  
  162  14:08  Zergling x18  
  162  14:09  Baneling x3  
  163  14:10  Baneling x10  
  163  14:11  Mutalisk  
  163  14:14  Mutalisk x3  
  163  14:16  Mutalisk x2  
  172  14:19  Zergling x4  
  167  14:30  Mutalisk x5  
  157  14:35  Zergling x8  
  157  14:37  Mutalisk  
  149  14:42  Mutalisk x2  
  149  14:43  Mutalisk  
  152  14:46  Zergling x6  
  152  14:49  Zergling x6  
  152  14:50  Zergling x2  
  152  14:51  Queen  
  156  14:55  Hatchery, Mutalisk  
  156  14:58  Mutalisk  
  156  14:59  Mutalisk  
  156  15:01  Zergling x4  
  156  15:03  Mutalisk x2  
  156  15:07  Zergling x4  
  156  15:09  Zergling x4  
  144  15:16  Mutalisk x3  
  144  15:18  Zergling x6  
  140  15:22  Drone  
  140  15:23  Zergling x4  
  140  15:24  Zergling x2  
  140  15:26  Zergling x2  
  144  15:30  Hatchery  
  144  15:34  Drone x2  
  144  15:35  Drone  
  146  15:37  Baneling Nest  
  146  15:42  Overseer  
  145  15:44  Mutalisk x2  
  145  15:45  Mutalisk x2  
  145  15:49  Mutalisk  
  155  15:51  Overlord  
  155  16:00  Zergling x10  
  156  16:11  Zergling x10  
  160  16:18  Mutalisk x2  
  160  16:19  Mutalisk  
  160  16:21  Overlord  
  160  16:24  Baneling  
  160  16:25  Baneling x13  
  166  16:26  Zergling x2  
  166  16:28  Baneling x13  
  166  16:31  Zergling x2  
  168  16:39  Baneling  
  168  16:40  Baneling x5  
  168  16:46  Zergling x10  
  168  16:47  Zergling x2  
  174  16:52  Baneling  
  174  16:53  Baneling x9  
  174  16:57  Hatchery  
  133  17:15  Zergling x4  
  133  17:16  Zergling x22  
  141  17:30  Drone x4  
  141  17:31  Drone  
  138  17:38  Mutalisk x3  
  138  17:42  Zergling x2  
  145  17:46  Baneling x10  
  145  17:51  Mutalisk  
  145  18:00  Mutalisk x2  
  145  18:02  Zergling x6  
  145  18:04  Baneling  
  145  18:05  Baneling  
  138  18:14  Zergling x12  
  135  18:24  Zergling x12  
  140  18:29  Baneling x10  
  140  18:32  Zergling x4  
  140  18:33  Zergling x2  
  143  18:41  Zergling x12  
  143  18:42  Zergling x2  
  143  18:45  Baneling x4  
  146  18:58  Zergling x14  
  132  19:10  Zergling x4  
  132  19:11  Zergling x6  
  132  19:13  Zergling x6  
  132  19:16  Mutalisk  
  132  19:17  Mutalisk  
  107  19:24  Mutalisk x3  
  111  19:27  Baneling x5  
  111  19:28  Baneling x3  
  117  19:32  Baneling x3  
  117  19:33  Zergling x10  
  117  19:37  Zergling x6  
  123  19:43  Baneling  
  123  19:44  Baneling x10  
  123  19:50  Hatchery, Baneling x2  
  123  19:51  Baneling x4  
  120  19:54  Zergling x4  
  120  19:57  Zergling x6  
  120  19:59  Baneling x2  
  99  20:15  Zergling x26  
  99  20:18  Zergling x2  
  103  20:25  Zergling x6  
  102  20:34  Baneling x11  
  89  20:46  Zergling x2  
  89  20:47  Zergling x10  
  92  20:53  Zergling x8  
  82  20:58  Overseer  
  82  20:59  Zergling x4  
  82  21:07  Zergling x6  
  84  21:15  Zergling x8  
  75  21:23  Baneling  
  75  21:24  Baneling x8  
  66  21:32  Baneling x2  
Show
View Real Time Build Order
Export as new Build Order

INnoVation Terran - Winner!

Build Orders: Reaper Expand 

Get SALT Encoding   

  12  0:00  SCV  
  13  0:12  SCV  
  14  0:17  Supply Depot  
  14  0:25  SCV  
  15  0:38  SCV  
  15  0:40  Barracks  
  16  0:43  Refinery  
  16  0:50  SCV  
  17  1:03  SCV  
  18  1:15  SCV  
  19  1:26  Reaper  
  19  1:27  Orbital Command  
  20  1:38  Command Center  
  20  1:47  Supply Depot  
  20  1:53  SCV  
  21  1:58  Marine  
  22  2:05  SCV  
  23  2:10  Factory  
  23  2:17  SCV  
  23  2:20  Barracks Reactor  
  24  2:29  SCV  
  25  2:39  Command Center  
  25  2:43  SCV  
  26  2:50  Orbital Command  
  26  2:55  SCV  
  26  2:58  Starport  
  27  3:07  SCV, Refinery  
  27  3:12  Hellion  
  30  3:14  Hellion  
  30  3:18  SCV  
  33  3:20  SCV  
  33  3:25  Barracks Tech Lab  
  34  3:31  SCV  
  34  3:32  SCV  
  36  3:34  Viking  
  36  3:36  Hellion  
  36  3:39  Hellion  
  42  3:43  SCV  
  42  3:44  SCV  
  44  3:51  Factory  
  44  3:53  Orbital Command  
  44  3:56  SCV x2  
  44  4:00  Hellion  
  48  4:03  Hellion  
  48  4:08  SCV x2  
  52  4:11  Supply Depot  
  52  4:12  Barracks Tech Lab  
  52  4:15  Orbital Command  
  52  4:20  SCV x2  
  54  4:24  Hellion  
  54  4:25  Hellion  
  54  4:27  Supply Depot  
  58  4:34  SCV x2  
  60  4:42  Infernal Pre-Igniter  
  60  4:43  Medivac  
  60  4:44  Hellion  
  64  4:46  Supply Depot, Hellion x2  
  64  4:50  SCV x3  
  64  4:52  Supply Depot  
  71  4:54  Refinery  
  71  4:56  Stimpack, Refinery  
  71  5:03  SCV x2  
  71  5:04  SCV  
  74  5:09  Hellion  
  74  5:10  Hellion  
  74  5:12  Hellion, Armory  
  80  5:22  SCV x3  
  80  5:26  Supply Depot  
  80  5:27  Supply Depot  
  83  5:31  Marine  
  83  5:33  Hellion x2  
  83  5:34  Hellion  
  90  5:36  SCV x3  
  90  5:37  Starport Reactor  
  93  5:48  Engineering Bay, SCV x3  
  96  5:56  Hellion  
  96  5:57  Hellion x2  
  102  6:01  Mag-Field Accelerator, Engineering Bay  
  102  6:02  SCV x2  
  102  6:03  SCV  
  97  6:11  Barracks  
  97  6:12  Barracks  
  97  6:16  SCV x3  
  98  6:26  Medivac x2  
  98  6:27  Widow Mine x3  
  98  6:30  SCV  
  109  6:36  Barracks  
  109  6:37  Supply Depot, SCV x2  
  109  6:38  Terran Infantry Armor Level 1, Terran Infantry Weapons Level 1, Barracks  
  109  6:40  Supply Depot  
  109  6:47  Marine  
  109  6:49  Widow Mine, Refinery x2  
  109  6:54  SCV x2  
  109  6:55  Widow Mine  
  109  6:56  Widow Mine  
  109  6:57  SCV  
  108  7:05  Barracks Reactor x2  
  108  7:06  Medivac x2, SCV x2  
  110  7:09  SCV  
  110  7:11  Widow Mine  
  110  7:15  Supply Depot  
  112  7:16  Supply Depot  
  112  7:17  Widow Mine x2  
  116  7:26  Barracks Reactor x2  
  116  7:28  Command Center, Marine  
  117  7:36  Widow Mine  
  119  7:38  Combat Shield, Widow Mine  
  119  7:39  Medivac, Supply Depot, Widow Mine  
  119  7:40  Medivac, Supply Depot  
  119  7:42  Marine x2  
  119  7:43  Marine  
  119  7:44  Marine  
  131  8:01  Drilling Claws  
  131  8:02  Thor, Supply Depot  
  131  8:03  Widow Mine x2  
  131  8:05  Marine x5  
  141  8:06  Marine x4  
  141  8:11  Missile Turret  
  141  8:12  Missile Turret  
  148  8:13  Missile Turret  
  148  8:14  Medivac  
  136  8:20  Medivac  
  136  8:21  Supply Depot  
  136  8:23  Marine x4  
  140  8:30  Widow Mine x2  
  140  8:33  Marine x4  
  140  8:34  Marine  
  149  8:40  Terran Infantry Weapons Level 2  
  149  8:41  Marine x2  
  147  8:42  Terran Infantry Armor Level 2  
  147  8:48  Thor  
  155  8:51  Marine x3  
  155  8:53  SCV  
  155  8:54  SCV  
  160  8:58  SCV  
  161  9:02  Planetary Fortress  
  161  9:04  Missile Turret  
  161  9:05  Widow Mine  
  161  9:06  Widow Mine  
  165  9:11  Medivac x2  
  165  9:12  Marauder  
  165  9:13  Marine  
  165  9:14  Concussive Shells  
  172  9:20  Marine  
  172  9:21  Marine x6  
  179  9:26  Supply Depot  
  179  9:27  Supply Depot  
  179  9:30  Widow Mine x2  
  183  9:37  Marauder, Marine  
  186  9:38  Marine  
  186  9:39  Marine  
  188  9:46  Terran Vehicle And Ship Armor Level 1  
  188  9:48  Thor, Marine x4  
  198  9:55  Widow Mine  
  198  9:56  Barracks x2  
  198  9:58  Barracks  
  199  10:07  Marine  
  199  10:11  Medivac x2  
  199  10:12  Missile Turret, Marauder, Marine x4  
  199  10:13  Marine  
  200  10:16  Marine x2  
  177  10:27  Marine  
  172  10:30  Marine  
  172  10:31  Widow Mine x2  
  172  10:34  Marauder  
  159  10:37  Thor  
  159  10:38  Marine  
  159  10:39  Marine x5  
  159  10:42  SCV x3  
  174  10:43  Command Center  
  174  10:44  Medivac x2, Marine  
  174  10:45  Barracks Tech Lab x3  
  174  10:47  Marine  
  179  10:52  Widow Mine  
  179  10:53  Widow Mine  
  179  10:55  Marauder  
  179  10:56  Marine  
  179  10:57  Marine x5  
  186  10:58  Terran Infantry Weapons Level 3  
  186  11:02  Missile Turret x2, Marine  
  192  11:05  Marine, Terran Infantry Armor Level 3  
  192  11:06  Marauder x2  
  192  11:07  Marauder  
  199  11:14  Marine  
  200  11:25  Marauder  
  164  11:26  Marine x7  
  164  11:27  Marine  
  164  11:28  Marauder x2  
  164  11:29  Thor  
  164  11:30  Widow Mine x2  
  174  11:34  Marine  
  165  11:40  Medivac x2  
  165  11:43  Marine  
  165  11:44  Marine x6  
  165  11:46  Marauder x2  
  180  11:49  Marauder, Marine  
  180  11:52  Marine  
  184  11:57  Widow Mine x2  
  188  12:01  Marine x2  
  188  12:02  Marine x5  
  188  12:07  Marauder x2  
  199  12:10  Marine  
  199  12:28  Marauder  
  198  12:31  Thor  
  198  12:32  Marauder, Widow Mine x2  
  179  12:38  Marine x2  
  179  12:42  Medivac x2  
  181  12:44  Command Center  
  181  12:45  Marauder  
  181  12:46  Marauder  
  181  12:47  Marine x6  
  181  12:50  Marauder  
  190  12:53  Marauder  
  190  12:55  Marine  
  190  12:56  Marine  
  191  13:05  Marine x5  
  196  13:15  Command Center  
  196  13:24  Marine x3  
  196  13:25  Medivac x2, Marine x2  
  196  13:26  Marine  
  196  13:33  Marine x3  
  195  13:35  Marauder x2, Widow Mine  
  195  13:36  Marauder, Widow Mine  
  175  13:42  SCV, Marine x2  
  175  13:43  Marauder, SCV x3, Marine x2  
  175  13:44  Marine  
  183  13:51  Marine x3  
  183  13:55  SCV  
  175  13:56  Marauder  
  175  13:57  Marauder x2  
  175  14:00  Marine x2  
  175  14:01  Marine x2  
  175  14:02  Marine  
  172  14:04  Marine  
  172  14:08  SCV x3  
  172  14:09  Marine x3  
  168  14:17  Marine x4  
  168  14:18  Marine  
  168  14:19  SCV, Marine x3  
  168  14:21  Marine  
  176  14:27  Marine x2  
  165  14:33  Marine  
  165  14:35  Marine  
  165  14:36  Marine x5  
  165  14:37  Marine x2  
  153  14:39  Marine  
  153  14:43  SCV  
  153  14:44  Marine x2  
  155  14:46  Widow Mine x2  
  155  14:51  Marine  
  154  14:53  Marine x3  
  154  14:55  Thor  
  154  15:01  Medivac x2  
  154  15:02  Marine x4  
  154  15:04  Marine  
  154  15:05  Marine x2  
  154  15:06  Marine  
  150  15:18  Marine  
  130  15:25  Widow Mine x2, Marine x9  
  130  15:26  Marine  
  130  15:27  Marine  
  132  15:32  Planetary Fortress  
  132  15:34  Medivac  
  128  15:37  Medivac  
  128  15:38  Thor  
  134  15:45  Marine x8  
  134  15:47  SCV  
  134  15:48  SCV x2  
  134  15:49  SCV  
  146  15:53  Widow Mine  
  146  15:54  Widow Mine  
  150  15:59  SCV  
  150  16:00  SCV  
  150  16:05  Medivac  
  150  16:07  Medivac  
  150  16:09  Marauder x2, Marine x8  
  165  16:20  Thor, Marauder, Widow Mine x2, Marine  
  178  16:27  Marine x2  
  178  16:31  Marine x8  
  187  16:37  Medivac x2  
  187  16:38  Marine  
  192  16:41  Marine  
  192  16:44  Marine  
  192  16:45  Marine  
  192  16:47  Widow Mine x2  
  199  16:48  Marine  
  186  17:03  Thor  
  186  17:08  Widow Mine x2  
  184  17:09  Marine x11  
  184  17:10  Marine  
  184  17:19  Medivac  
  184  17:20  Medivac  
  175  17:27  Marine x6  
  172  17:31  SCV x3  
  172  17:35  Widow Mine x2  
  179  17:42  Marine  
  179  17:43  Marine x5  
  184  17:45  Marine x6  
  184  17:50  Thor  
  196  17:57  Widow Mine x2  
  200  18:08  Marauder  
  185  18:13  Marauder x2, Marine x4  
  174  18:22  Marauder  
  174  18:23  Marine x4  
  180  18:30  Marauder  
  180  18:31  Marine x4  
  180  18:32  Medivac x2  
  190  18:34  Marine x2  
  190  18:38  Thor  
  190  18:40  Marine  
  190  18:41  Marine  
  197  19:03  Supply Depot  
  197  19:04  Supply Depot x2  
  178  19:10  Medivac  
  135  19:20  Widow Mine x2  
  135  19:21  Marine x12  
  148  19:25  Widow Mine  
  144  19:38  Marine  
  144  19:39  Marine x11  
  144  19:41  Widow Mine  
  144  19:42  SCV x2  
  144  19:43  SCV  
  157  19:56  Marine x3  
  157  19:57  Marine x9  
  147  20:14  Marine x8  
  147  20:15  Marauder x3, Marine  
  160  20:32  Marine x7  
  167  20:37  Orbital Command  
  167  20:42  Marine x5  
  151  20:50  Marine x7  
  141  20:59  Marine  
  141  21:00  Marine x4  
  140  21:07  Marine  
  140  21:08  Marine x3  
  142  21:12  Marine x2  
  137  21:21  Marine x6  
  135  21:25  Marine  
  135  21:26  Marine x3  
Tags
 
Add a new tag
Caveats
  • Supply blocks, unpowered buildings, or Contaminate may cause inaccurate times.
  • Supply counts are checked every 10 seconds.